 Dungeon Crawl Stone Soup version 0.25.0-11-g1f837a76a1 (webtiles) character file.

Game seed: 17246704201955624858

201 Flugkiller the Covert (level 5, -2/24 HPs)
             Began as a Spriggan Enchanter on June 26, 2020.
             Hit by a boomerang thrown by an orc (7 damage)
             ... on level 6 of the Dungeon.
             The game lasted 00:05:11 (2167 turns).

Flugkiller the Covert (Spriggan Enchanter)          Turns: 2167, Time: 00:05:11

Health: -2/24      AC:  3    Str:  4    XL:     5   Next: 50%
Magic:  6/12       EV: 18    Int: 16    God:
Gold:   73         SH:  0    Dex: 18    Spells: 6/12 levels left

rFire    . . .     SeeInvis +   a - +1 dagger
rCold    . . .     Gourm    .   (shield restricted)
rNeg     . . .     Faith    .   k - +1 robe (curse)
rPois    .         Spirit   .   (helmet restricted)
rElec    .         Reflect  .   b - scarf {harm}
rCorr    .         Harm     .   (gloves unavailable)
MR       .....                  (boots unavailable)
Stlth    ++++......             (no amulet)
HPRegen  0.08/turn              (no ring)
MPRegen  0.13/turn              (no ring)

@: very quick
A: very small, unfitting armour, see invisible, herbivore, speed 3, slow
metabolism 2
a: no special abilities


You were on level 6 of the Dungeon.
You were not hungry.

You visited 1 branch of the dungeon, and saw 6 of its levels.

You collected 73 gold pieces.

Inventory:

Hand Weapons
 a - a +1 dagger (weapon)
Missiles
 h - 2 throwing nets (quivered)
Armour
 b - a scarf of harm (worn)
   (You found it on level 5 of the Dungeon)
 k - a cursed +1 robe (worn)
   (You found it on level 1 of the Dungeon)
Scrolls
 j - 2 scrolls of magic mapping
Potions
 e - a potion of lignification
 f - 3 potions of curing
Comestibles
 d - 8 rations


   Skills:
 - Level 1.1 Short Blades
 - Level 3.0 Dodging
 - Level 8.0 Stealth
 + Level 4.0 Spellcasting
 + Level 4.7 Hexes


You had 6 spell levels left.
You knew the following spells:

 Your Spells              Type           Power        Failure   Level  Hunger
a - Corona                Hex            ###....      2%          1    None
b - Ensorcelled Hibernat  Hex/Ice        ##....       10%         2    ##.....
c - Confusing Touch       Hex            ###.....     8%          3    ###....

Your spell library contained the following spells:

 Spells                   Type           Power        Failure   Level  Hunger
 Tukima's Dance           Hex            ###.....     8%          3    ###....
 Dazzling Flash           Conj/Hex       ##....       19%         3    ###....


Dungeon Overview and Level Annotations

Branches:
Dungeon (6/15)
 Temple: D:4-7

Altars:
Vehumet

Annotations:
D:1 exclusion: gnoll


Innate Abilities, Weirdness & Mutations

You are very small and have problems with some larger weapons.
You are too small for most types of armour.
You have supernaturally acute eyesight. (SInv)
You are a herbivore.
You cover ground extremely quickly.
You need to consume almost no food.


Message History

The orc shouts!
Casting: Ensorcelled Hibernation (safe; 12% risk of failure)
Confirm with . or Enter, or press ? or * to list all spells.
Aiming: Ensorcelled Hibernation (safe; 12% risk of failure)
Press: ? - help, Shift-Dir - straight line, f/p - ogre
Aim: an ogre, wielding a +0 giant club (lightly wounded, chance to defeat MR: 40%)
The ogre looks drowsy...
The orc shouts!
You hear a shout!
The orc throws a boomerang.
The boomerang hits you.
The weapon returns to the orc!
An orc warrior comes into view. It is wielding a +0 trident.
The orc throws a boomerang.
The boomerang completely misses you.
The weapon returns to the orc!
The helpless ogre fails to defend itself.
You impale the ogre!!
You kill the ogre!
Your Spellcasting skill increases to level 4!
You have reached level 5!
You feel agile.
You see here a +0 giant club.
You aren't carrying any items that you can evoke.
As you read the scroll labeled HARCHE WYITUWAXT, it crumbles to dust.
You hear a loud clanging noise!
It was a scroll of noise.
You hear a shout! x4
Unknown command.
As you read the scroll labeled VIDIMICWEE, it crumbles to dust.
The scroll dissolves into smoke.
It was a scroll of fog.
Unknown command.
Blink to where?
Press: ? - help, Dir - move target cursor, f - you Are you sure you want to cancel this blink?
Okay, then.
As you read the scroll labeled XUOLIO GAP ERROFFO, it crumbles to dust.
It was a scroll of blinking.
As you read the scroll labeled YGRAVE NACEJ, it crumbles to dust.
It is a scroll of enchant armour.
Your cursed +0 robe glows green for a moment.
Okay, then.
Okay, then.
This spell is quite dangerous to cast!
Memorise Tukima's Dance, consuming 3 spell levels and leaving 3?
You start memorising the spell.
You continue memorising. x2
The orc warrior hits you from afar with a cursed +0 trident!
Your memorisation is interrupted.
Ouch! That really hurt!
* * * LOW HITPOINT WARNING * * *
Okay, then.
The orc throws a boomerang.
The boomerang hits you!
You die...

#....#
....
#....#
...
#....#
..
#....#
#....#
#.§§§#
#§ooo#
#§§§§#
#§§@§#
######


You could see an orc warrior and 2 orcs.

Vanquished Creatures
  2 ogres
  An adder (D:4)
  2 dart slugs (D:1)
  A leopard gecko (D:1)
  2 bats
  2 giant cockroaches (D:2)
  A goblin (D:3)
  3 jackals
  3 kobolds
  3 frilled lizards (D:1)
  A rat (D:1)
21 creatures vanquished.

Notes
Turn   | Place    | Note
-------+----------+-------------------------------------------
     0 | D:1      | Flugkiller the Spriggan Enchanter began the quest for the
                  | Orb.
     0 | D:1      | Reached XP level 1. HP: 9/9 MP: 5/5
   399 | D:1      | Reached skill level 5 in Stealth
   510 | D:1      | Reached XP level 2. HP: 5/13 MP: 4/6
  1016 | D:1      | Reached skill level 6 in Stealth
  1321 | D:2      | Learned a level 2 spell: Ensorcelled Hibernation
  1772 | D:5      | Entered Level 5 of the Dungeon
  1773 | D:5      | Noticed an ogre
  1906 | D:4      | Reached XP level 3. HP: 16/16 MP: 8/8
  1911 | D:4      | Learned a level 3 spell: Confusing Touch
  1921 | D:4      | Noticed an ogre
  1958 | D:4      | Killed an ogre
  1958 | D:4      | Reached skill level 8 in Stealth
  1958 | D:4      | Reached XP level 4. HP: 21/21 MP: 0/9
  2076 | D:4      | Found a radiant altar of Vehumet.
  2126 | D:6      | Noticed an ogre
  2140 | D:6      | Noticed an orc warrior
  2143 | D:6      | Killed an ogre
  2143 | D:6      | Reached XP level 5. HP: 20/24 MP: 3/12
  2167 | D:6      | Hit by a boomerang thrown by an orc

Illustrated notes

Levels and vault maps discovered:
D:1:      minmay_arrival_four_houses, layout_loops_corners, hex_large,
          fountainhead, minmay_misc_feat_iff
D:2:      minmay_evil_eye, layout_basic, uniq_jessica
D:3:      layout_basic, old_standard_altar, first_ration,
          nemelex_xobeh_ov_fountains_minmay
D:4:      layout_gridville, nicolae_overflow_crystal_walls
D:5:      layout_gridville, uniq_menkaure, uniq_duvessa
D:6:      layout_basic, serial_park_tiny_pond

Skill      XL: |  1  2  3  4 |
---------------+-------------+-----
Stealth        | 5 6 8 |  8.0
Spellcasting   | 3 4 |  4.0
Hexes          | 4 |  4.7
Short Blades   | |  1.1
Dodging        | |  3.0

Action                   |  1- 3 |  4- 6 || total
-------------------------+-------+-------++-------
Melee: Dagger            |    99 |     2 ||   101
 Cast: Corona            |    11 |       ||    11
       Ensorcelled Hiber |    12 |     4 ||    16
  Use: Scroll            |     4 |     4 ||     8
 Stab: Sleeping          |     9 |     1 ||    10
Armor: Robe              |     5 |       ||     5
Dodge: Dodged            |    95 |     2 ||    97
